 Dungeon Crawl Stone Soup version 0.30-a0-1116-gebefce21f7 (webtiles) character file.

Game seed: 10448805654531814154

14967 retardedninja the Thaumaturge (level 12, -7/91 HPs)
             Began as a Gnoll Fire Elementalist on Apr 21, 2023.
             Was the Champion of Cheibriados.
             Killed by divine providence
             ... invoked by a meliai
              (13 damage)
             ... on level 12 of the Dungeon.
             The game lasted 00:30:03 (16283 turns).

retardedninja the Thaumaturge (GnFE)               Turns: 16283, Time: 00:30:03

Health: -7/91      AC: 18    Str: 23    XL:     12   Next: 22%
Magic:  17/25      EV: 20    Int: 34    God:    Cheibriados [******]
Gold:   752        SH: 10    Dex: 28    Spells: 19/29 levels left

rFire   . . .      SeeInvis .    M - +6 shillelagh "Devastator" {shatter}
rCold   . . .      Faith    .    i - +2 buckler
rNeg    . . .      Spirit   .    w - +0 robe
rPois   .          Reflect  .    l - +2 helmet
rElec   .          Rampage  .    j - +0 cloak
rCorr   .                        (no gloves)
Will    .....                    q - +2 pair of boots
Stlth   +++++                    v - amulet of magic regeneration
HPRegen 0.35/turn                H - +4 ring of protection
MPRegen 0.59/turn                B - +4 ring of protection

@: about to teleport, very slow
A: fangs 1, strong nose, distributed training
a: Renounce Religion, Bend Time, Temporal Distortion, Slouch, Step From Time


You were on level 12 of the Dungeon.
You worshipped Cheibriados.
Cheibriados was exalted by your worship.
You visited 2 branches of the dungeon, and saw 13 of its levels.

You collected 752 gold pieces.

Inventory:

Hand Weapons
 e - a +2 war axe of electrocution
 M - the +6 shillelagh "Devastator" (weapon) {shatter}
   (You found it on level 11 of the Dungeon)
Missiles
 E - 4 throwing nets
Armour
 i - a +2 buckler (worn)
 j - a +0 cloak (worn)
 l - a +2 helmet (worn)
 q - a +2 pair of boots (worn)
 w - a +0 robe (worn)
Jewellery
 r - an amulet of magic regeneration
 v - an amulet of magic regeneration (around neck)
 B - a +4 ring of protection (right hand)
 H - a +4 ring of protection (left hand)
 N - a +6 ring of dexterity
Wands
 f - a wand of polymorph (3)
 n - a wand of charming (12)
 s - a wand of mindburst (7)
 F - a wand of roots (16)
 L - a wand of acid (3)
Scrolls
 c - 4 scrolls of magic mapping
 d - 2 scrolls of noise {unknown}
 g - 3 scrolls of identify
 h - a scroll of immolation
 k - a scroll of poison
 p - a scroll of summoning {unknown}
 y - a scroll of fear {unknown}
 A - 5 scrolls of fog {unknown}
 D - 2 scrolls of enchant weapon
 G - 2 scrolls of enchant armour {unknown}
 J - a scroll of torment {unknown}
 O - a scroll of brand weapon
Potions
 a - a potion of resistance
 b - a potion of magic
 m - 2 potions of mutation
 t - 3 potions of flight
 u - 2 potions of cancellation
 x - 4 potions of might
 z - a potion of attraction
 C - a potion of lignification {unknown}
 I - a potion of curing
 K - a potion of berserk rage {unknown}


   Skills:
 + Level 7.3 Fighting
 + Level 7.3 Short Blades
 + Level 7.3 Long Blades
 + Level 7.3 Axes
 + Level 7.3 Maces & Flails
 + Level 7.3 Polearms
 + Level 7.3 Staves
 + Level 7.3 Ranged Weapons
 + Level 7.3 Throwing
 + Level 7.3 Armour
 + Level 8.7 Dodging
 + Level 8.5 Stealth
 + Level 7.3 Shields
 + Level 7.3 Unarmed Combat
 + Level 9.0 Spellcasting
 + Level 6.5 Conjurations
 + Level 6.1 Hexes
 + Level 6.1 Summonings
 + Level 6.1 Necromancy
 + Level 6.1 Translocations
 + Level 6.1 Transmutations
 + Level 8.3 Fire Magic
 + Level 6.1 Ice Magic
 + Level 6.1 Air Magic
 + Level 6.1 Earth Magic
 + Level 6.1 Poison Magic
 + Level 8.0 Invocations
 + Level 7.3 Evocations


You had 19 spell levels left.
You knew the following spells:

 Your Spells              Type           Power      Damage    Failure   Level
a - Foxfire               Conj/Fire      100%       2x1d9     1%          1
b - Scorch                Fire           100%       2d9       1%          2
c - Flame Wave            Conj/Fire      60%        2d14      1%          4
d - Inner Flame           Hex/Fire       59%        N/A       1%          3

Your spell library contained the following spells:

 Spells                   Type           Power      Damage    Failure   Level
 Ozocubu's Armour         Ice            54%        N/A       1%          3
 Tukima's Dance           Hex            54%        N/A       1%          3
 Volatile Blastmotes      Fire/Tloc      100%       2d18      1%          3
 Animate Dead             Necr           54%        N/A       3%          4
 Leda's Liquefaction      Hex/Erth       27%        N/A       3%          4
 Passage of Golubria      Tloc           54%        N/A       3%          4
 Lee's Rapid Deconstruct  Erth           27%        3d14*     9%          5
 Metabolic Englaciation   Hex/Ice        27%        N/A       9%          5
 Yara's Violent Unravell  Hex/Tmut       27%        3d12      9%          5
 Simulacrum               Ice/Necr       27%        N/A       41%         6
 Statue Form              Tmut/Erth      36%        N/A       41%         6
 Haunt                    Necr/Summ      27%        N/A       94%         7
 Infestation              Necr           27%        N/A       100%        8


Dungeon Overview and Level Annotations

Branches:
Dungeon (12/15)            Temple (1/1) D:7            Lair (0/5) D:10
    Orc (0/2) D:10

Altars:
Ashenzari
Cheibriados
Dithmenos
Elyvilon
Fedhas
Gozag
Hepliaklqana
Kikubaaqudgha
Makhleb
Nemelex Xobeh
Okawaru
Qazlal
Ru
Trog
Uskayaw
Vehumet
Wu Jian
Xom
Yredelemnul
Zin
The Shining One

Shops:
D:4 :

Portals:
Bazaar: D:11

Annotations:
D:10 exclusion: oklob plant
D:12 Rupert


Innate Abilities, Weirdness & Mutations

You have very sharp teeth.
Your uncanny sense of smell can sniff out nearby items.
Your experience applies equally to all skills.


Message History

Rupert the Wild comes into view.
He is wielding a +2 battleaxe of electrocution.
Your Spellcasting skill increases to level 9!
Unknown command.
The red ugly thing engulfs you.
You are engulfed in flames!!
* * * LOW HITPOINT WARNING * * *
You feel better. You block the killer bee's attack.
You block the red ugly thing's attack. The killer bee closely misses you.
As you read the scroll of teleportation, it crumbles to dust.
You feel strangely unstable.
The killer bee stings you but does no damage.
You block the red ugly thing's attack. You block the killer bee's attack.
Casting: Flame Wave (mildly dangerous; 1% risk of failure)
Confirm with . or Enter, or press ? or * to list all spells.
Casting: Flame Wave (mildly dangerous; 1% risk of failure)
Press: ? - help, Dir - look around, f - activate A wave of flame ripples out!
The flame wave engulfs the red ugly thing.
The red ugly thing resists.
The red ugly thing is lightly wounded.
The flame wave engulfs the killer bee!
The killer bee is severely wounded. (Press . to intensify the flame waves.)
You hear an angry buzzing noise. x3
The killer bee completely misses you. The red ugly thing engulfs you.
* * * LOW HITPOINT WARNING * * *
You are engulfed in flames!
* * * LOW HITPOINT WARNING * * *
The killer bee misses you.
Unknown command.
A wave of flame ripples out!
The flame wave engulfs the red ugly thing!
The red ugly thing resists.
The red ugly thing is lightly wounded.
The flame wave engulfs the killer bee!!
You kill the killer bee!
Cheibriados thoroughly appreciates the change of pace.
You hear an angry buzzing noise. x8
The meliai invokes the aid of its god against you.
Something smites you!
You die...

####### ......# ......#
########## ∆
......####........# ∆
......##..........# .!
......#..#........#####y.†.
........##.......†#@o)oo†.o
......####......@u.)###oo..
.<....# #........### .
......# #........# ......#
#........# ∆ #.#####
#........# #.# #........#
..# #........# .##
###.###### #


You could see Rupert, a red ugly thing, an orc warrior, a meliai, an orc wizard
and an orc.

Vanquished Creatures
  Gastronok (D:9)
  Erolcha (D:11)
  3 two-headed ogres
  Pikel (D:8)
  2 cyclopes (D:11)
  A kobold demonologist (D:10)
  2 meliai (D:12)
  2 trolls
  Sigmund (D:3)
  2 shadows
  18 yaks
  2 wyverns (D:10)
  2 steam dragons (D:8)
  Grum (D:8)
  4 vampire mosquitoes (D:10)
  2 two-headed ogre zombies (D:10)
  2 water moccasins (D:5)
  2 acid dragons
  3 orc warriors
  2 ice beasts (D:7)
  2 ogres
  A black bear (D:7)
  3 wolves
  7 centaurs
  3 kobold brigands
  2 lemures (D:8)
  2 phantoms
  2 bullfrogs
  4 gnoll sergeants
  A scorpion (D:5)
  3 wights (D:7)
  A troll zombie (D:10)
  15 killer bees
  2 jellies
  A gnoll bouda (D:6)
  8 hounds
  5 orc priests
  A sleepcap (D:7)
  4 iguanas
  7 orc wizards
  5 ogre zombies (D:10)
  23 gnolls
  7 adders
  3 white imps
  2 worms (D:3)
  A dart slug (D:1)
  34 orcs
  9 endoplasms
  A giant cockroach (D:1)
  7 goblins
  13 hobgoblins
  4 jackals (D:2)
  4 quokkas
  8 ball pythons
  5 bats
  3 frilled lizards
  2 goblin skeletons (D:10)
  3 goblin zombies (D:10)
  2 hobgoblin skeletons (D:10)
  3 hobgoblin zombies (D:10)
  13 kobolds
  4 orc skeletons (D:10)
  11 orc zombies (D:10)
  5 rats
300 creatures vanquished.

Vanquished Creatures (collateral kills)
  A gnoll (D:7)
  9 foxfires
10 creatures vanquished.

Vanquished Creatures (others)
  2 wights (D:7)
  An orc wizard (D:8)
  A gnoll (D:7)
  A bush (D:11)
  1018 foxfires
  42 plants
  5 toadstools (D:10)
1070 creatures vanquished.

Grand Total: 1380 creatures vanquished

Notes
Turn   | Place    | Note
-------+----------+-------------------------------------------
     0 | D:1      | retardedninja the Gnoll Fire Elementalist began the quest
                  | for the Orb.
     0 | D:1      | Reached XP level 1. HP: 13/13 MP: 6/6
   158 | D:1      | Reached XP level 2. HP: 19/19 MP: 4/7
   785 | D:1      | Reached skill level 5 in Spellcasting
   785 | D:1      | Reached XP level 3. HP: 25/25 MP: 5/9
  1089 | D:1      | Reached skill level 1 in Invocations
  1496 | D:2      | Reached skill level 1 in Fighting
  1496 | D:2      | Reached skill level 1 in Short Blades
  1496 | D:2      | Reached skill level 1 in Long Blades
  1496 | D:2      | Reached skill level 1 in Axes
  1496 | D:2      | Reached skill level 1 in Maces & Flails
  1496 | D:2      | Reached skill level 1 in Polearms
  1496 | D:2      | Reached skill level 1 in Staves
  1496 | D:2      | Reached skill level 1 in Ranged Weapons
  1496 | D:2      | Reached skill level 1 in Throwing
  1496 | D:2      | Reached skill level 1 in Armour
  1496 | D:2      | Reached skill level 1 in Shields
  1496 | D:2      | Reached skill level 1 in Unarmed Combat
  1496 | D:2      | Reached skill level 1 in Evocations
  1856 | D:2      | Reached XP level 4. HP: 32/32 MP: 7/11
  1897 | D:2      | Found a snail-covered altar of Cheibriados.
  1966 | D:2      | Became a worshipper of Cheibriados the Contemplative
  2889 | D:3      | Reached skill level 1 in Hexes
  2889 | D:3      | Reached skill level 1 in Summonings
  2889 | D:3      | Reached skill level 1 in Necromancy
  2889 | D:3      | Reached skill level 1 in Translocations
  2889 | D:3      | Reached skill level 1 in Transmutations
  2889 | D:3      | Reached skill level 1 in Ice Magic
  2889 | D:3      | Reached skill level 1 in Air Magic
  2889 | D:3      | Reached skill level 1 in Earth Magic
  2889 | D:3      | Reached skill level 1 in Poison Magic
  2923 | D:3      | Learned a level 2 spell: Scorch
  3060 | D:3      | Found an iron altar of Okawaru.
  3228 | D:3      | Noticed Sigmund
  3237 | D:3      | Killed Sigmund
  3238 | D:3      | Reached XP level 5. HP: 38/38 MP: 3/12
  3238 | D:3      | Reached XP level 6. HP: 44/44 MP: 3/14
  3393 | D:3      | Reached * piety under Cheibriados
  3409 | D:3      | Reached skill level 5 in Dodging
  4074 | D:4      | Found Vinoami's Book Boutique.
  4565 | D:5      | Entered Level 5 of the Dungeon
  4637 | D:5      | Noticed a water moccasin
  4644 | D:5      | Killed a water moccasin
  4645 | D:5      | Reached XP level 7. HP: 51/51 MP: 3/15
  4970 | D:5      | Reached skill level 5 in Stealth
  5010 | D:5      | Found a snail-covered altar of Cheibriados.
  5184 | D:5      | Found a radiant altar of Vehumet.
  5185 | D:5      | Found a sparkling altar of Nemelex Xobeh.
  5482 | D:6      | Reached ** piety under Cheibriados
  5486 | D:5      | Reached XP level 8. HP: 44/58 MP: 7/16
  6046 | D:6      | Reached skill level 6 in Spellcasting
  6564 | D:6      | Identified the +1 robe "Kiesoc" {Regen+ Dex+2 SInv}
  7305 | D:6      | Reached *** piety under Cheibriados
  7687 | D:6      | Reached XP level 9. HP: 64/65 MP: 1/18
  8305 | D:7      | Identified the +3 ring mail "Ucamaclaelu" {rC+ rCorr Dex+3}
  8758 | D:7      | Reached skill level 5 in Invocations
  8784 | D:7      | Found a staircase to the Ecumenical Temple.
  8817 | Temple   | Entered the Ecumenical Temple
  8996 | D:7      | Found a shadowy altar of Dithmenos.
  9431 | D:8      | Reached **** piety under Cheibriados
  9439 | D:8      | Reached skill level 7 in Spellcasting
 10217 | D:8      | Noticed a two-headed ogre
 10221 | D:8      | Killed a two-headed ogre
 10222 | D:8      | Reached skill level 5 in Fighting
 10222 | D:8      | Reached skill level 5 in Short Blades
 10222 | D:8      | Reached skill level 5 in Long Blades
 10222 | D:8      | Reached skill level 5 in Axes
 10222 | D:8      | Reached skill level 5 in Maces & Flails
 10222 | D:8      | Reached skill level 5 in Polearms
 10222 | D:8      | Reached skill level 5 in Staves
 10222 | D:8      | Reached skill level 5 in Ranged Weapons
 10222 | D:8      | Reached skill level 5 in Throwing
 10222 | D:8      | Reached skill level 5 in Armour
 10222 | D:8      | Reached skill level 5 in Shields
 10222 | D:8      | Reached skill level 5 in Unarmed Combat
 10222 | D:8      | Reached skill level 5 in Evocations
 10222 | D:8      | Reached XP level 10. HP: 57/74 MP: 13/20
 11016 | D:8      | Learned a level 4 spell: Flame Wave
 11042 | D:9      | Noticed Grum
 11046 | D:9      | Noticed Pikel
 11420 | D:8      | Killed Grum
 11421 | D:8      | Reached skill level 5 in Conjurations
 11458 | D:8      | Killed Pikel
 11721 | D:9      | Identified the +5 dire flail of Huetudd {drain, *Corrode
                  | rF++ Str+3 Stlth+}
 11740 | D:9      | Found a hide-covered altar of Uskayaw.
 12008 | D:9      | Noticed Gastronok
 12031 | D:9      | Killed Gastronok
 12375 | D:9      | Reached skill level 5 in Hexes
 12375 | D:9      | Reached skill level 5 in Summonings
 12375 | D:9      | Reached skill level 5 in Necromancy
 12375 | D:9      | Reached skill level 5 in Translocations
 12375 | D:9      | Reached skill level 5 in Transmutations
 12375 | D:9      | Reached skill level 5 in Ice Magic
 12375 | D:9      | Reached skill level 5 in Air Magic
 12375 | D:9      | Reached skill level 5 in Earth Magic
 12375 | D:9      | Reached skill level 5 in Poison Magic
 12376 | D:9      | Reached XP level 11. HP: 40/81 MP: 10/22
 12383 | D:9      | Reached skill level 8 in Spellcasting
 13355 | D:10     | Entered Level 10 of the Dungeon
 13368 | D:10     | Reached ***** piety under Cheibriados
 14083 | D:10     | Found a staircase to the Lair.
 14083 | D:10     | Noticed an oklob plant
 14112 | D:10     | Found a staircase to the Orcish Mines.
 14507 | D:10     | Found a hazy altar of Hepliaklqana.
 14755 | D:10     | Learned a level 3 spell: Inner Flame
 14758 | D:10     | Noticed a two-headed ogre
 14761 | D:10     | Killed a two-headed ogre
 15364 | D:11     | Noticed a cyclops
 15370 | D:11     | Reached ****** piety under Cheibriados
 15374 | D:11     | Killed a cyclops
 15505 | D:11     | Noticed Erolcha
 15513 | D:11     | Killed Erolcha
 15514 | D:11     | Reached XP level 12. HP: 91/91 MP: 18/24
 15551 | D:11     | Found the +6 shillelagh "Devastator" {shatter}
 15589 | D:11     | Noticed a two-headed ogre
 15602 | D:11     | Killed a two-headed ogre
 16203 | D:11     | Found a gateway to a bazaar.
 16275 | D:12     | Noticed Rupert
 16276 | D:12     | Reached skill level 9 in Spellcasting
 16283 | D:12     | Killed from afar by a meliai

Illustrated notes

Levels and vault maps discovered:
D:1:      lordsloth_arrival_two_stooges, layout_basic
D:2:      layout_basic, basic_altar, kennysheep_potato
D:3:      layout_basic, lemuel_doored_altar, cheibrodos_sewer_entry_bend,
          uniq_sigmund
D:4:      layout_loops_ring, serial_shops, nicolae_shop_rolling_square
D:5:      layout_rooms, mainiacjoe_overflow_divided_tiny, lemuel_tele_altar
D:6:      kennysheep_housing_project, layout_cave_pools, roderic_roman_lattice
D:7:      layout_rooms, grunt_dithmenos_smoke_and_mirrors,
          minmay_temple_entry_sparse_star
D:8:      layout_basic, mainiacjoe_overflow_alcove_4, lemuel_flamethrower_2
D:9:      layout_long_grid, mainiacjoe_overflow_six_doors_small,
          grunt_ministairs_12, uniq_grum, uniq_gastronok, uniq_pikel
D:10:     layout_long_grid, nicolae_overflow_crystal_walls, dpeg_oklobed_lair,
          zombieorc2_lemuel, grunt_ministairs_3, minmay_gold_behind_fungi
D:11:     layout_basic, serial_shops, freezing_bzr, kb_lookout_dungeons_type,
          nicolae_sextant, uniq_erolcha
D:12:     layout_roguey [special_room_bee], gauntlet_entry_generic, laboratory,
          uniq_rupert
Temple:   nicolae_temple_two_arcs

Skill      XL: |  1  2  3  4  5  6  7  8  9 10 11 12 |
---------------+-------------------------------------+-----
Conjurations   | 2 3 4 5 6 |  6.5
Spellcasting   | 5 6 7 8 9 |  9.0
Invocations    | 1 2 3 4 5 6 7 8 |  8.0
Fighting       | 1 2 3 5 6 7 |  7.3
Short Blades   | 1 2 3 5 6 7 |  7.3
Long Blades    | 1 2 3 5 6 7 |  7.3
Axes           | 1 2 3 5 6 7 |  7.3
Maces & Flails | 1 2 3 5 6 7 |  7.3
Polearms       | 1 2 3 5 6 7 |  7.3
Staves         | 1 2 3 5 6 7 |  7.3
Ranged Weapons | 1 2 3 5 6 7 |  7.3
Throwing       | 1 2 3 5 6 7 |  7.3
Armour         | 1 2 3 5 6 7 |  7.3
Shields        | 1 2 3 5 6 7 |  7.3
Unarmed Combat | 1 2 3 5 6 7 |  7.3
Evocations     | 1 2 3 5 6 7 |  7.3
Hexes          | 1 2 3 4 5 6 |  6.1
Summonings     | 1 2 3 4 5 6 |  6.1
Necromancy     | 1 2 3 4 5 6 |  6.1
Translocations | 1 2 3 4 5 6 |  6.1
Transmutations | 1 2 3 4 5 6 |  6.1
Ice Magic      | 1 2 3 4 5 6 |  6.1
Air Magic      | 1 2 3 4 5 6 |  6.1
Earth Magic    | 1 2 3 4 5 6 |  6.1
Poison Magic   | 1 2 3 4 5 6 |  6.1
Dodging        | 5 6 7 8 |  8.7
Stealth        | 5 6 7 8 |  8.5
Fire Magic     | 6 7 8 |  8.3

Action                     |  1- 3 |  4- 6 |  7- 9 | 10-12 || total
---------------------------+-------+-------+-------+-------++-------
  Melee: Falchion          |       |     4 |     3 |       ||     7
         Bite              |       |       |     1 |    10 ||    11
         War axe           |       |       |       |    46 ||    46
         Unarmed           |       |       |       |     7 ||     7
         Punch             |       |       |       |     1 ||     1
         Shillelagh        |       |       |       |    16 ||    16
   Cast: Foxfire           |    96 |   103 |   253 |   160 ||   612
         Scorch            |       |    14 |    54 |    65 ||   133
         Flame Wave        |       |       |       |    44 ||    44
         Inner Flame       |       |       |       |     1 ||     1
  Evoke: Wand              |       |       |     9 |     8 ||    17
    Use: Scroll            |       |     7 |     9 |     8 ||    24
         Potion            |       |     1 |     1 |     4 ||     6
 Armour: Robe              |     6 |    17 |   111 |   115 ||   249
  Dodge: Dodged            |    23 |    32 |   218 |   323 ||   596
  Block: Buckler           |       |       |       |   146 ||   146

Table legend: (Time is in decaauts)
 A = Elapsed time spent in this place.
 B = Non-inter-level travel time spent in this place.
 C = Inter-level travel time spent in this place.
 D = Time resting spent in this place.
 E = Time spent auto-exploring this place.
 F = Levels seen in this place.
 G = Mean time per level.
                   A        B        C        D        E       F      G
               +--------+--------+--------+--------+--------+-----+--------+
         Total |  20179 |  19468 |    711 |   3947 |  12411 |  13 | 1552.2 |
       Dungeon |  19979 |  19278 |    701 |   3947 |  12234 |  12 | 1664.9 |
        Temple |    199 |    189 |     10 |      0 |    177 |   1 |  199.0 |
               +--------+--------+--------+--------+--------+-----+--------+

Top non-repeatable levels by time:
    D:10: 2651 daAuts
     D:8: 2566 daAuts
     D:6: 2303 daAuts
     D:9: 2259 daAuts
     D:5: 2068 daAuts
    D:11: 1679 daAuts
     D:2: 1660 daAuts
     D:1: 1268 daAuts
     D:7: 1267 daAuts
     D:4: 1111 daAuts
     D:3: 1074 daAuts
  Temple: 199 daAuts
    D:12: 67 daAuts
